 Dungeon Crawl Stone Soup version 0.24.0-123-gd5b16e6ec5 (webtiles) character file.

Game seed: 17950186483017609522, levelgen mode: deterministic

8887 Peloso the Carver (level 11, -14/94 HPs)
             Began as a Minotaur Fighter on Dec 28, 2019.
             Was an Elder of Okawaru.
             Demolished by a soul eater (20 damage)
             ... summoned by an orc sorcerer
             ... in a bailey.
             The game lasted 00:20:30 (9637 turns).

Peloso the Carver (Minotaur Fighter)                Turns: 9637, Time: 00:20:31

Health: -14/94     AC:  2    Str: 23    XL:     11   Next: 15%
Magic:  12/12      EV:  7    Int:  5    God:    Okawaru [****..]
Gold:   711        SH: 13    Dex: 14    Spells: 13/13 levels left

rFire    . . .     SeeInvis .   a - +4 long sword (freeze)
rCold    . . .     Gourm    .   c - +1 shield
rNeg     . . .     Faith    .   v - +0 plate armour {rPois}
rPois    +         Spirit   .   (helmet restricted)
rElec    .         Reflect  .   C - +1 cloak {+Inv}
rCorr    .         Harm     .   o - +1 pair of gloves
MR       .....                  (no boots)
Stlth    ..........             L - amulet of the acrobat
HPRegen  0.25/turn              h - ring of flight
MPRegen  0.13/turn              b - +3 ring of dexterity

@: corroded, heavily drained
A: retaliatory headbutt, horns 2
a: Heroism, Renounce Religion, Evoke Invisibility, Evoke Flight


You were in a bailey.
You worshipped Okawaru.
Okawaru was greatly pleased with you.
You were not hungry.

You visited 2 branches of the dungeon, and saw 12 of its levels.
You also visited: Bailey.

You collected 711 gold pieces.

Inventory:

Hand Weapons
 a - a +4 long sword of freezing (weapon)
Armour
 c - a +1 shield (worn)
 o - a +1 pair of gloves (worn)
 v - a +0 plate armour of poison resistance (worn)
 C - a +1 cloak of invisibility (worn)
 E - a +0 chain mail of fire resistance
Jewellery
 b - a +3 ring of dexterity (right hand)
 h - a ring of flight (left hand)
 L - an amulet of the acrobat (around neck)
 M - an uncursed ring of ice {unknown}
Wands
 p - a wand of acid (6)
 w - a wand of flame (11)
 A - a wand of scattershot (5)
 F - a wand of paralysis (11)
 H - a wand of random effects (18)
Scrolls
 e - 4 scrolls of remove curse
 g - 2 scrolls of amnesia
 i - a scroll of magic mapping
 j - 2 scrolls of enchant weapon
 k - a scroll of immolation {unknown}
 l - 9 scrolls of identify
 q - 4 scrolls of enchant armour
 y - a scroll of fear {unknown}
 B - a scroll of teleportation
Potions
 d - 2 potions of might
 m - a potion of haste
 n - 3 potions of brilliance
 s - a potion of magic {unknown}
 t - 3 potions of heal wounds {unknown}
 u - 2 potions of agility
 x - a potion of lignification {unknown}
 z - a potion of berserk rage {unknown}
 D - 4 potions of curing
 G - 3 potions of resistance {unknown}
 I - a potion of ambrosia {unknown}
 J - 4 potions of flight
 K - a potion of mutation {unknown}
 P - a potion of degeneration {unknown}
Comestibles
 f - 17 rations
 r - 4 chunks of flesh


   Skills:
 + Level 8.2(6.7) Fighting
 + Level 11.9(10.2) Long Blades
 + Level 2.6(1.3) Throwing
 + Level 8.9(7.3) Armour
 + Level 4.1(2.8) Dodging
 + Level 2.8(1.5) Stealth
 + Level 11.2(9.6) Shields
 + Level 3.0(1.7) Unarmed Combat
 + Level 1.8(0.5) Spellcasting
 + Level 0.7(0.0) Invocations


You had 13 spell levels left.
You didn't know any spells.
Your spell library contained the following spells:

 Spells                   Type           Power        Failure   Level  Hunger
 Animate Skeleton         Necr           N/A          100%        1    ##.....
 Confusing Touch          Hex            #.....       100%        1    ##.....
 Pain                     Necr           #...         100%        1    ##.....
 Sandblast                Erth           #.....       100%        1    ##.....
 Summon Butterflies       Summ           #.......     100%        1    ##.....
 Passwall                 Tmut/Erth      #.......     100%        2    ###....
 Call Canine Familiar     Summ           #.......     100%        3    ####...
 Confuse                  Hex            #.......     100%        3    ####...
 Gell's Gravitas          Tloc           #.........   100%        3    ####...
 Regeneration             Chrm/Necr      #.........   100%        3    ####...
 Stone Arrow              Conj/Erth      #.....       100%        3    ####...
 Vampiric Draining        Necr           #.........   100%        3    ####...
 Animate Dead             Necr           N/A          100%        4    #####..
 Petrify                  Tmut/Erth      #.......     100%        4    #####..
 Summon Ice Beast         Ice/Summ       #.......     100%        4    #####..
 Lee's Rapid Deconstruct  Erth           #.........   100%        5    ######.
 Metabolic Englaciation   Hex/Ice        #.........   100%        5    ######.
 Summon Mana Viper        Hex/Summ       #.......     100%        5    ######.
 Yara's Violent Unravell  Hex/Tmut       #.........   100%        5    ######.
 Summon Hydra             Summ           #.........   100%        7    #######


Dungeon Overview and Level Annotations

Branches:
Dungeon (11/15)            Temple (1/1) D:7            Lair (0/6) D:9
    Orc (0/2) D:11         Bailey (1/1)

Altars:
Ashenzari
Cheibriados
Dithmenos
Elyvilon
Fedhas
Gozag
Hepliaklqana
Kikubaaqudgha
Makhleb
Okawaru
Qazlal
Ru
Sif Muna
Trog
Uskayaw
Vehumet
Wu Jian
Xom
Yredelemnul
Zin
The Shining One

Shops:
D:9 [   D:11 }


Innate Abilities, Weirdness & Mutations

You reflexively headbutt those who attack you in melee.
You have a pair of horns on your head.


Message History

Unknown command.
You hit the orc sorcerer but do no damage.
The orc sorcerer is severely wounded.
The rust devil hits you.
* * * LOW HITPOINT WARNING * * *
The rust devil corrodes you! The soul eater hits you.
* * * LOW HITPOINT WARNING * * *
You block the orc sorcerer's attack.
Okay, then.
You closely miss the orc sorcerer.
The orc sorcerer is severely wounded.
You block the rust devil's attack. You block the soul eater's attack.
The orc sorcerer barely misses you.
You riposte.
You hit the orc sorcerer but do no damage.
You headbutt the orc sorcerer, but do no damage.
The orc sorcerer is severely wounded.
You hit the orc sorcerer but do no damage.
The orc sorcerer is severely wounded.
You block the rust devil's attack. The soul eater hits you!!
You die...

#≈≈≈≈≈ #≈≈≈≈≈ #+#######
#≈≈≈≈≈ #.......# #≈≈≈≈≈
+.8.8.8.# #≈≈≈≈≈
##34))...######≈≈≈≈≈
#..@o#......#.≈≈≈≈≈≈
#%%#....#......#.≈≈≈≈≈.
#..#....#####''#.≈≈≈≈≈.
#..#....##.....#.≈≈≈≈≈.
## #....##.....'.......
#._..##..⌠..'..)....
#....##.....'..))...
#....##.....#.≈≈≈≈≈.
####++#.≈≈≈≈≈.


You could see a soul eater, a rust devil and an orc sorcerer.

Vanquished Creatures
  Harold (D:7)
  2 two-headed ogres (D:10)
  An orc high priest (Bailey)
  An unseen horror (D:10)
  A kobold demonologist (D:11)
  A queen bee (D:11)
  A yak (D:9)
  A wyvern (D:9)
  A steam dragon (D:5)
  A water moccasin (D:10)
  3 porcupines (D:9)
  7 orc warriors
  A phantom (D:6)
  5 ice beasts
  An ogre (D:9)
  A black bear (D:7)
  2 centaurs
  3 big kobolds
  3 bullfrogs
  3 scorpions
  A water moccasin skeleton (D:6)
  9 killer bees (D:11)
  5 wights (D:9)
  A howler monkey (D:8)
  3 crimson imps
  A bullfrog zombie (D:10)
  A centaur skeleton (D:4)
  3 jellies
  9 orc wizards
  Crazy Yiuf (D:5)
  6 hounds
  3 bullfrog skeletons
  6 orc priests
  Jessica (D:2)
  2 gnoll shamans (D:4)
  9 worker ants
  A killer bee zombie (D:6)
  13 gnolls
  15 adders
  A howler monkey skeleton (D:9)
  2 shadow imps
  An ooze (D:2)
  An adder skeleton (D:9)
  2 dart slugs
  4 worms
  2 leopard geckos
  49 orcs
  A ball python (D:1)
  6 bats
  3 bat zombies (D:2)
  7 giant cockroaches
  7 goblins
  7 hobgoblins
  6 jackals
  13 kobolds
  3 quokkas
  9 frilled lizards
  2 quokka skeletons
  6 rats
  A rat zombie (D:2)
  2 fungi
265 creatures vanquished.

Vanquished Creatures (others)
  An orc (Bailey)
  A giant cockroach (D:5)
  A jackal zombie (D:5)
  A fungus (D:9)
4 creatures vanquished.

Grand Total: 269 creatures vanquished

Notes
Turn   | Place    | Note
-------+----------+-------------------------------------------
     0 | D:1      | Peloso the Minotaur Fighter began the quest for the Orb.
     0 | D:1      | Reached XP level 1. HP: 19/19 MP: 0/0
   265 | D:1      | Reached XP level 2. HP: 27/27 MP: 1/1
   685 | D:1      | Reached skill level 5 in Fighting
   685 | D:1      | Reached skill level 5 in Armour
   685 | D:1      | Reached skill level 5 in Shields
   685 | D:1      | Reached skill level 1 in Spellcasting
   685 | D:1      | Reached XP level 3. HP: 36/36 MP: 1/4
  1015 | D:2      | Found an ancient bone altar of Kikubaaqudgha.
  1044 | D:2      | Reached XP level 4. HP: 42/42 MP: 5/5
  1052 | D:2      | Found a glowing golden altar of the Shining One.
  1201 | D:2      | Noticed Jessica
  1206 | D:2      | Killed Jessica
  1244 | D:2      | Reached XP level 5. HP: 48/48 MP: 6/6
  1940 | D:3      | Reached skill level 5 in Long Blades
  2034 | D:3      | Found a white marble altar of Elyvilon.
  2059 | D:3      | Found a shattered altar of Ashenzari.
  2061 | D:3      | Found a bloodstained altar of Trog.
  2147 | D:3      | Found a shimmering altar of Xom.
  2334 | D:3      | Found a shimmering blue altar of Sif Muna.
  2334 | D:3      | Found a sacrificial altar of Ru.
  2337 | D:3      | Found a hide-covered altar of Uskayaw.
  2463 | D:4      | Reached XP level 6. HP: 50/56 MP: 7/7
  3117 | D:4      | Reached XP level 7. HP: 62/62 MP: 8/8
  3362 | D:5      | Entered Level 5 of the Dungeon
  3415 | D:5      | Found a basalt altar of Yredelemnul.
  3629 | D:5      | Found a snail-covered altar of Cheibriados.
  3725 | D:5      | Noticed a steam dragon
  3753 | D:5      | HP: 2/63 [steam dragon/ball of steam (14)]
  3757 | D:5      | Killed a steam dragon
  4193 | D:5      | Found a glowing silver altar of Zin.
  4431 | D:5      | Found a runed translucent door.
  4432 | D:5      | Noticed Crazy Yiuf
  4439 | D:5      | Killed Crazy Yiuf
  4507 | D:6      | Reached XP level 8. HP: 70/70 MP: 9/9
  5256 | D:6      | Found a hazy altar of Hepliaklqana.
  5595 | D:7      | Reached XP level 9. HP: 63/78 MP: 10/10
  5693 | D:7      | Found a staircase to the Ecumenical Temple.
  5701 | Temple   | Entered the Ecumenical Temple
  5733 | Temple   | Became a worshipper of Warmaster Okawaru
  5780 | D:7      | Noticed Harold
  5806 | D:7      | Killed Harold
  5806 | D:7      | Reached * piety under Okawaru
  5825 | D:7      | Found an iron altar of Okawaru.
  5928 | D:7      | Found a radiant altar of Vehumet.
  6682 | D:8      | Reached ** piety under Okawaru
  7256 | D:9      | Reached skill level 10 in Long Blades
  7369 | D:9      | Reached XP level 10. HP: 68/86 MP: 11/11
  7505 | D:9      | Found a staircase to the Lair.
  7532 | D:9      | Found Lyer's Antique Armour Boutique.
  7539 | D:9      | Reached *** piety under Okawaru
  7663 | D:9      | Found a radiant altar of Vehumet.
  7774 | D:10     | Entered Level 10 of the Dungeon
  7858 | D:10     | Noticed a two-headed ogre
  7873 | D:10     | Killed a two-headed ogre
  7873 | D:10     | Received a gift from Okawaru
  7873 | D:10     | Reached skill level 10 in Shields
  8197 | D:10     | Noticed a two-headed ogre
  8208 | D:10     | Killed a two-headed ogre
  8494 | D:10     | Killed an unseen horror
  8494 | D:10     | Received a gift from Okawaru
  8494 | D:10     | Reached **** piety under Okawaru
  9306 | D:11     | Reached XP level 11. HP: 80/94 MP: 12/12
  9343 | D:11     | Received a gift from Okawaru
  9405 | D:11     | Found Tynodwad's Gadget Emporium.
  9425 | D:11     | Found a flagged portal.
  9434 | Bailey   | Entered a bailey
  9602 | Bailey   | Found an iron altar of Okawaru.
  9602 | Bailey   | Noticed an orc high priest
  9602 | Bailey   | Noticed an orc sorcerer
  9622 | Bailey   | Killed an orc high priest
  9627 | Bailey   | Noticed a soul eater
  9637 | Bailey   | Demolished by a soul eater

Levels and vault maps discovered:
D:1:      dpeg_arrival_court, layout_loops_ring, hangedman_decor_diamond_cutter,
          chequers_serial_rivers_micro_c
D:2:      layout_basic, tso_metal_star, lemuel_zombie_altar_kikubaaqudgha,
          serial_bayou, serial_bayou_pond_a, serial_bayou_lagoon_a,
          serial_bayou_pond_c, serial_bayou_crossing, uniq_jessica
D:3:      layout_basic, lemuel_doored_altar, elyvilon_altar_3,
          grunt_temple_overflow_open, first_ration, minmay_misc_feat_iff,
          minmay_statues_item, serial_bayou_ford_a, chequers_arboretum,
          roderic_roman_lattice
D:4:      layout_gridville
D:5:      layout_cave_pods, yredelemnul_altar_generic, lemuel_crystal_altar,
          basic_altar, uniq_crazy_yiuf_cottage
D:6:      layout_cave_pods, nicolae_overflow_hidden_temple
D:7:      layout_loops_ring, minmay_temple_entry_mist, basic_altar,
          okawaru_trees_2, uniq_harold
D:8:      layout_basic
D:9:      layout_rooms, lemuel_round_altar, grunt_lair_entry_orc_guard_hut,
          serial_shops, shop
D:10:     layout_loops_ring
D:11:     layout_gridville, kennysheep_orc_monster_closet_entryway,
          serial_shops, shop, enter_bailey_8, david_nohive_1
Temple:   jpeg_temple_island
Bailey:   bailey_axe_of_yendor_kennysheep, bailey

Skill      XL: |  1  2  3  4  5  6  7  8  9 10 11 |
---------------+----------------------------------+-----
Armour         | 5 6 7 8 |  8.9
Fighting       | 5 6 7 8 |  8.2
Long Blades    | 4 5 6 8 10 11 | 11.9
Throwing       | 2 |  2.6
Dodging        | 2 3 4 |  4.1
Stealth        | 2 |  2.8
Shields        | 5 6 7 9 11 | 11.2
Unarmed Combat | 3 |  3.0
Spellcasting   | 1 |  1.8
Invocations    | |  0.7

Action                   |  1- 3 |  4- 6 |  7- 9 | 10-12 || total
-------------------------+-------+-------+-------+-------++-------
Melee: Long sword        |    66 |   183 |   393 |   281 ||   923
       Headbutt          |    10 |    36 |   111 |    62 ||   219
Invok: Heroism           |       |       |       |     4 ||     4
  Use: Potion            |     3 |       |     3 |       ||     6
       Scroll            |     6 |     3 |     1 |     5 ||    15
  Eat: Chunk             |       |     7 |    15 |     4 ||    26
       Ration            |       |       |       |     1 ||     1
Armor: Chain mail        |    30 |    90 |   136 |    10 ||   266
       Scale mail        |     6 |       |       |       ||     6
       Plate armour      |       |       |       |   103 ||   103
Dodge: Dodged            |    19 |    53 |    87 |   107 ||   266
Block: Shield            |    32 |   141 |   225 |   208 ||   606
       Rpst.: Long sword |    10 |    14 |    21 |    21 ||    66
